 Dungeon Crawl Stone Soup version 0.21-a0-140-g479285b (webtiles) character file.

572230 nubinia the Necromancer (level 25, 0/193 HPs)
             Began as a Demonspawn Necromancer on July 7, 2017.
             Was the Champion of Yredelemnul.
             Slain by an Orb Guardian (29 damage)
             ... on level 5 of the Realm of Zot on July 21, 2017.
             The game lasted 13:21:27 (59902 turns).

nubinia the Necromancer (Demonspawn Necromancer)   Turns: 59902, Time: 13:21:28

Health: 0/193      AC: 12    Str: 25    XL:     25   Next: 67%
Magic:  12/45      EV: 27    Int: 22    God:    Yredelemnul [******]
Gold:   7356       SH: 19    Dex: 23    Spells: 19/61 levels left

rFire    + + +     SeeInvis +   a - +9 war axe (protect)
rCold    . . .     Gourm    .   R - +5 shield {reflect}
rNeg     + + .     Faith    .   g - +2 robe {rN+}
rPois    .         Spirit   .   (helmet unavailable)
rElec    +         Reflect  +   z - +2 cloak
rCorr    .         Harm     .   Q - +2 pair of gloves "Xymp" {+Inv rElec Int+3}
MR       ++...                  y - +0 pair of boots {run}
Stlth    ++++++++..             Y - amulet "Wotium" {RegenMP rF++ Int-2 Dex+8 Stlth+}
HPRegen  0.42/turn              C - ring "Zebbef" {rN+ Str+3}
MPRegen  0.54/turn              d - ring "Xoato" {rF+ Int+2 Slay+4 Stlth+}

@: mighty, repel missiles, quick
A: antennae 3, hooves 2, repulsion field 3, demonic guardian 2, fire resistance
1, hurl damnation, magic resistance 1, powered by pain 3, screaming 1, flame
cloud immunity
}: 3/15 runes: decaying, silver, gossamer
a: Hurl Damnation, Recall Undead Slaves, Injury Mirror, Animate Dead, Drain
Life, Enslave Soul, Renounce Religion, Evoke Invisibility


You were on level 5 of the Realm of Zot.
You worshipped Yredelemnul.
Yredelemnul was exalted by your worship.
You were not hungry.

You visited 10 branches of the dungeon, and saw 52 of its levels.
You visited the Abyss 1 time.
You visited 1 bazaar.
You also visited: Ice Cave and Wizlab.

You collected 9281 gold pieces.
You spent 1925 gold pieces at shops.

Inventory:

Hand Weapons
 a - a +9 war axe of protection (weapon)
 b - the +3 hunting sling of Discord {freeze, *Corrode rF+ rC+ rN+}
   (You bought it in a shop on level 4 of the Vaults)

   It causes projectiles fired from it to freeze those they strike, causing
   extra injury to most foes and up to half again as much damage against
   particularly susceptible opponents.
   They can also slow down cold-blooded creatures.
   It protects you from fire.
   It protects you from cold.
   It protects you from negative energy.
   It may corrode you when you take damage.
Missiles
 w - 243 sling bullets
Armour
 g - a +2 robe of positive energy (worn)
 y - a +0 pair of boots of running (worn)
 z - a +2 cloak (worn)
 H - a +2 pair of boots of flying
 Q - the +2 pair of gloves "Xymp" (worn) {+Inv rElec Int+3}
   (You acquired it on level 1 of the Depths)

   It affects your intelligence (+3).
   It insulates you from electricity.
   It lets you turn invisible.
 R - a +5 shield of reflection (worn)
Jewellery
 d - the ring "Xoato" (right hand) {rF+ Int+2 Slay+4 Stlth+}
   (You bought it in a shop in a bazaar)

   [ring of protection from fire]

   It affects your intelligence (+2).
   It affects your accuracy and damage with ranged weapons and melee attacks
   (+4).
   It protects you from fire.
   It makes you more stealthy.
 j - the ring "Aqu Ulaopt" {rF+ MP+9}
   (You bought it in a shop in a bazaar)

   [ring of magical power]

   It protects you from fire.
   It affects your magic capacity (+9).
 k - the ring "Moem" {rF- rC++ rN+ Int+3}
   (You found it on level 1 of the Swamp)

   [ring of positive energy]

   It affects your intelligence (+3).
   It makes you vulnerable to fire.
   It greatly protects you from cold.
   It protects you from negative energy.
 n - a +4 ring of evasion
 C - the ring "Zebbef" (left hand) {rN+ Str+3}
   (You took it off a spriggan on level 2 of the Depths)

   [ring of positive energy]

   It affects your strength (+3).
   It protects you from negative energy.
 K - a +6 ring of dexterity
 M - the ring "Byan" {MP+9 Int-4 Dex+3 Slay+5}
   (You took it off a deep elf sorcerer on level 3 of the Elven Halls)

   [ring of intelligence]

   It affects your intelligence (-4).
   It affects your dexterity (+3).
   It affects your accuracy and damage with ranged weapons and melee attacks
   (+5).
   It affects your magic capacity (+9).
 V - the ring "Xarex" {rPois rN+ MR- Int+4}
   (You took it off a deep elf mage on level 3 of the Elven Halls)

   [ring of intelligence]

   It affects your intelligence (+4).
   It protects you from poison.
   It protects you from negative energy.
   It affects your resistance to hostile enchantments.
 Y - the amulet "Wotium" (around neck) {RegenMP rF++ Int-2 Dex+8 Stlth+}
   (You took it off a tengu conjurer on level 3 of the Depths)

   [amulet of magic regeneration]

   It increases your magic regeneration.
   It affects your intelligence (-2).
   It affects your dexterity (+8).
   It greatly protects you from fire.
   It makes you more stealthy.
Wands
 v - a wand of lightning (0/15)
 D - a wand of digging (7/24)
 I - a wand of iceblast (4/15)
 P - a wand of acid (14/15)
 S - a wand of acid (3/15)
Scrolls
 h - 4 scrolls of magic mapping
 o - 6 scrolls of recharging
 s - 3 scrolls of fog
 u - 4 scrolls of fear
 F - 26 scrolls of teleportation
 L - 13 scrolls of remove curse
 O - 5 scrolls of summoning
 T - 3 scrolls of blinking
 W - 8 scrolls of identify
 X - 2 scrolls of enchant armour
Potions
 c - a potion of cancellation
 e - a potion of invisibility
 l - 3 potions of haste
 m - 9 potions of curing
 p - 4 potions of heal wounds
 q - a potion of magic
 t - a potion of brilliance
 x - a potion of mutation
 B - 2 potions of might
 G - 7 potions of agility
 J - 5 potions of resistance
 U - 6 potions of berserk rage
Miscellaneous
 f - 2 sacks of spiders
 i - a phial of floods
 A - a fan of gales
 E - a lamp of fire
 Z - a lightning rod (1/4)
Comestibles
 r - 11 royal jellies


   Skills:
 + Level 14.8 Fighting
 + Level 17.1 Axes
   Level 1.0(11.6) Polearms
   Level 0.5(0.9) Staves
 + Level 9.4(9.6) Slings
 + Level 2.3(6.4) Throwing
 + Level 6.3 Armour
 + Level 12.5 Dodging
 + Level 14.0 Stealth
 + Level 12.6 Shields
 + Level 18.7 Spellcasting
 + Level 10.5 Conjurations
 + Level 4.9 Charms
 + Level 20.1 Necromancy
 + Level 1.1 Translocations
 + Level 13.5 Invocations
 + Level 3.7 Evocations


You had 19 spell levels left.
You knew the following spells:

 Your Spells              Type           Power        Failure   Level  Hunger
a - Pain                  Necr           ####         0%          1    None
b - Vampiric Draining     Necr           #######...   0%          3    None
c - Control Undead        Necr           #######...   0%          4    None
d - Animate Dead          Necr           N/A          0%          4    None
e - Dispel Undead         Necr           #######.     1%          5    None
f - Bolt of Draining      Conj/Necr      ######....   1%          5    None
g - Shroud of Golubria    Chrm/Tloc      ####......   1%          2    None
h - Agony                 Necr           #######.     1%          5    None
i - Corpse Rot            Necr           N/A          0%          2    None
j - Swiftness             Chrm/Air       ####....     1%          2    None
k - Excruciating Wounds   Chrm/Necr      ######....   1%          5    None
r - Regeneration          Chrm/Necr      ######....   1%          3    None
S - Animate Skeleton      Necr           N/A          0%          1    None


Dungeon Overview and Level Annotations

Branches:
Dungeon (15/15)            Temple (0/1) D:6            Lair (6/6) D:10
  Swamp (4/4) Lair:4       Spider (4/4) Lair:4        Slime (0/5) Lair:6
    Orc (2/2) D:10            Elf (3/3) Orc:2        Vaults (5/5) D:14
  Crypt (3/3) Vaults:3       Tomb (0/3) Crypt:3      Depths (5/5) D:15
    Zot (5/5) Depths:5

Altars:
Dithmenos
Hepliaklqana
Kikubaaqudgha
Makhleb
Nemelex Xobeh
Trog
Uskayaw
Xom
Yredelemnul
Zin
The Shining One
Beogh
Lugonu

Shops:
Orc:1 *   Orc:2 ([*[   Vaults:4 [*

Portals:
Hell: Depths:1 Depths:2 Depths:3 Depths:4 Depths:5
Abyss: Depths:2 Depths:4
Pandemonium: Depths:1 Depths:3 Depths:4
Ziggurat: Depths:2
Trove: Vaults:1 (give +4 shadow dragon scales)

Annotations:
Lair:1 Nergalle
Lair:2 exclusion: oklob plant
Lair:3 exclusions: oklob plant and 1 more exclusion
Swamp:4 Mara
Depths:5 4 runed doors
Zot:5 exclusions: Killer Klown and orb of fire


Innate Abilities, Weirdness & Mutations

You have a pair of large antennae on your head. (SInv)
You are surrounded by a strong repulsion field. (EV +4, RMsl)
A demonic guardian rushes to your aid.
Your flesh is heat resistant. (rF+)
You can hurl damnation.
You are powered by pain.
You are immune to clouds of flame.
You have hoof-like feet.
You are resistant to hostile enchantments. (MR+)
You occasionally shout uncontrollably at your foes.


Message History

Your golden dragon zombie tramples the orb of fire but does no damage.
Your soul eater disappears in a puff of smoke!
Your ghoul skeleton misses the orb of fire.
Your ghoul skeleton claws the orb of fire.
Unknown command.
Your ghoul skeleton claws something but does no damage.
Your ghoul skeleton completely misses something.
A bolt of fire appears from out of your range of vision.
You sense a monster nearby.
You see here a war axe.
You hear an explosion!
You start resting.
You hear an explosion!
You sense a monster nearby.
You start resting.
An Orb Guardian comes into view.
You swap places.
You block the Orb Guardian's attack. The Orb Guardian hits you!!
You die...
Your body rises from the dead as a mindless zombie.

...##....##....## ###..{.#...##
...##...###.....### ##n..##....
..##......###...Z.#####{...#...#.
(###...###.⌠##.....##.....#######
##.##.##.#...##..VV...V...#.#.###
##..###..#....###.......###.#.##.
.........##....###....###...#....
##..#.?........#4#######.....ZW{.
..#.###......###@# #.........
###............X.# ##.#....##
##▓▓▓▓########)########▓▓▓▓####
#...........^.^.# ##..[ {
#.............## ##.... {
#.............# ##.....
##...Z.......## #...... ....
#...........# #...... {...
##...........## #......


You could see an Orb Guardian, a friendly orange demon and a friendly golden
dragon zombie.

Vanquished Creatures
  A juggernaut (Depths:3)
  the Lernaean hydra (Swamp:4)
  Saint Roka (Orc:2)
  Nikola (Swamp:3)
  6 golden dragons
  4 tentacled monstrosities
  9 Orb Guardians (Zot:5)
  2 quicksilver dragons (Zot:1)
  2 titans
  8 liches
  A deep elf blademaster (Elf:3)
  3 tentacled starspawn
  3 ancient champions
  2 sphinxes (Depths:3)
  Gastronok (Lair:3)
  7 death cobs
  5 storm dragons
  A thorn hunter (Swamp:2)
  4 shadow dragons
  3 tengu reavers
  8 draconian monks
  2 fire giants
  3 draconian knights
  4 deep elf sorcerers
  10 vault wardens
  A balrug (Depths:4)
  2 frost giants
  5 draconian stormcallers
  Aizul (Swamp:4)
  3 deep elf elementalists
  4 draconian scorchers
  3 curse skulls
  A ghost moth (Zot:4)
  5 stone giants
  3 ironheart preservers
  3 draconian shifters
  A war gargoyle (Vaults:5)
  2 draconian annihilators
  2 entropy weavers (Vaults:4)
  15 very ugly things
  12 black draconians
  A deep elf annihilator (Vaults:5)
  3 deep elf demonologists
  4 vampire knights
  10 purple draconians
  7 yellow draconians
  9 green draconians
  6 red draconians
  7 white draconians
  An eidolon (Crypt:3)
  5 spark wasps
  4 ettins
  2 deep elf death magi
  2 minotaurs (Depths:4)
  A merfolk javelineer (Depths:5)
  A mummy priest (Crypt:3)
  A crystal guardian (Vaults:3)
  A fire dragon (Depths:5)
  2 jiangshi (Crypt:3)
  5 deep elf high priests
  8 yaktaur captains
  2 great orbs of eyes
  Harold (Lair:3)
  6 ice dragons
  6 hydras
  A merfolk avatar (Lair:6)
  3 spriggan air magi
  9 vault guards (Vaults:4)
  7 alligators
  A centaur warrior (Depths:3)
  6 ogre magi
  6 dancing weapons
  A queen ant (shapeshifter) (Depths:3)
  8 deep troll shamans
  3 vampire magi
  16 two-headed ogres
  2 deep troll earth magi
  3 tengu warriors
  A spriggan berserker (Depths:4)
  An orc high priest (Orc:2)
  A titan zombie (Depths:2)
  7 deep elf knights
  2 death yaks (Lair:5)
  6 hell knights
  4 iron trolls
  9 skeletal warriors
  A shadow wraith (Vaults:2)
  3 flayed ghosts
  7 deep trolls
  An unseen horror (shapeshifter) (Depths:3)
  13 phantasmal warriors
  2 wizards
  4 swamp dragons
  4 deep elf archers (Elf:2)
  5 ironbrand convokers
  An iron giant skeleton (Crypt:2)
  3 shambling mangroves
  4 orb spiders (Spider:1)
  5 orc knights
  A harpy (shapeshifter) (Depths:2)
  2 harpies (Vaults:3)
  A necromancer (Crypt:2)
  2 orc sorcerers
  24 deep elf magi
  5 cyclopes
  14 ugly things
  8 wolf spiders
  2 salamanders (shapeshifter)
  An elephant (shapeshifter) (Depths:2)
  3 manticores
  9 moths of wrath
  10 slime creatures
  10 elephants
  An ice statue (IceCv)
  A salamander (Depths:3)
  2 stone giant zombies
  2 naga magi (D:15)
  A shock serpent zombie (Crypt:1)
  A black mamba (Lair:6)
  A rust devil (Depths:1)
  3 centaur zombies
  4 vault sentinels
  2 smoke demons
  A stone giant skeleton (Crypt:2)
  An eye of devastation (WizLab)
  2 torpor snails (Lair:5)
  7 spiny frogs
  2 gargoyles (Crypt:3)
  A rime drake (Lair:6)
  A komodo dragon (shapeshifter) (Depths:2)
  4 demonic crawlers (Spider:1)
  2 freezing wraiths
  37 yaktaurs
  8 komodo dragons
  3 ice devils (IceCv)
  10 jumping spiders
  A polar bear (shapeshifter) (Vaults:2)
  3 trolls (Orc:2)
  3 polar bears
  A red devil (Crypt:3)
  5 hornets
  2 tyrant leeches
  A merfolk (shapeshifter) (Depths:5)
  10 blink frogs
  6 bog bodies
  4 dream sheep
  A hippogriff (shapeshifter) (Vaults:3)
  A meliai zombie (D:15)
  8 raiju (Abyss:2)
  3 hippogriffs
  43 redbacks
  A stone giant simulacrum (Vaults:3)
  5 shadows
  15 tarantellas
  4 spriggans
  A vampire (Crypt:3)
  7 air elementals
  A wyvern (Lair:4)
  5 wraiths
  A large abomination (Abyss:2)
  Eustachio (D:6)
  17 yaks
  A yak (shapeshifter) (Vaults:1)
  A tyrant leech zombie (Crypt:2)
  4 water elementals (Depths:5)
  A basilisk (Lair:4)
  A hog (D:7)
  A human (D:7)
  8 vampire mosquitoes
  A human (shapeshifter) (Depths:2)
  2 hogs (shapeshifter)
  2 hungry ghosts
  A neqoxec (Depths:1)
  An acid dragon (D:10)
  12 insubstantial wisps
  12 swamp worms
  An acid dragon (shapeshifter) (D:14)
  3 wargs
  4 water moccasins
  5 porcupines
  Duvessa (D:7)
  A floating eye (Depths:3)
  25 orc warriors
  A black bear (D:5)
  A phantom (D:6)
  An ice beast (D:6)
  4 swamp drakes
  2 necrophages
  3 sky beasts
  An eye of draining (D:8)
  3 wolves (D:13)
  17 ogres
  7 boggarts
  4 centaurs
  9 crocodiles
  3 big kobolds
  18 bullfrogs
  Dowan (D:7)
  3 small abominations (Abyss:2)
  An earth elemental (Elf:1)
  A wyvern zombie (D:9)
  3 scorpions
  A water moccasin skeleton (D:6)
  6 killer bees
  An electric eel (Lair:4)
  3 wights
  11 crimson imps
  3 bullfrog zombies
  6 jellies
  3 centaur skeletons
  A jelly (shapeshifter) (Vaults:5)
  Crazy Yiuf (D:7)
  4 hounds
  A quasit (D:10)
  18 orc priests
  2 bullfrog skeletons
  5 iguanas
  17 orc wizards
  7 worker ants
  3 gnolls
  11 adders
  5 shadow imps
  6 white imps (IceCv)
  7 ufetubi (IceCv)
  2 oozes
  An adder skeleton (D:6)
  4 worms (D:2)
  3 dart slugs
  3 leopard geckos
  76 orcs
  4 giant cockroaches
  5 goblins
  8 hobgoblins
  14 jackals
  17 kobolds
  3 quokkas
  2 ball pythons
  8 bats
  5 frilled lizards
  A goblin zombie (Crypt:1)
  A jackal skeleton (Crypt:2)
  An orc zombie (Crypt:3)
  10 rats
  2 briar patches (Swamp:2)
  3 fungi
1205 creatures vanquished.

Vanquished Creatures (collateral kills)
  An orb of fire (Zot:3)
  An ancient lich (Zot:5)
  A juggernaut (Depths:2)
  Bai Suzhen (Swamp:4)
  Xtahua (Depths:4)
  A Killer Klown (Zot:3)
  4 golden dragons
  15 tentacled monstrosities
  3 deep elf blademasters
  5 Orb Guardians (Zot:5)
  2 titans
  A deep elf master archer (Elf:3)
  3 quicksilver dragons
  3 liches
  4 death cobs
  5 sphinxes
  A sphinx (shapeshifter) (Vaults:5)
  4 ancient champions
  6 shadow dragons
  4 draconian monks
  A thorn hunter (Swamp:3)
  9 storm dragons
  3 tengu reavers
  Roxanne (Spider:4)
  A draconian knight (Zot:4)
  17 vault wardens
  5 frost giants
  7 deep elf sorcerers
  8 fire giants
  A cacodemon (Depths:1)
  5 draconian scorchers
  A juggernaut zombie (Depths:2)
  An iron dragon (Depths:5)
  4 emperor scorpions
  2 draconian annihilators
  7 ghost moths
  3 draconian shifters (Zot:3)
  7 ghouls
  4 war gargoyles
  3 draconian stormcallers
  5 deep elf elementalists
  4 spriggan defenders
  2 reapers
  24 very ugly things
  6 entropy weavers
  7 stone giants
  11 ironheart preservers
  4 vampire knights
  6 black draconians
  11 purple draconians
  6 deep elf annihilators
  9 white draconians
  5 deep elf demonologists
  Nessos (D:13)
  9 red draconians
  7 spark wasps
  5 green draconians
  11 deep elf death magi
  6 yellow draconians
  3 eidola (Crypt:1)
  8 ettins
  A quicksilver dragon zombie (Crypt:2)
  A minotaur (Depths:4)
  Josephine (Lair:4)
  3 jiangshi
  19 vault guards
  6 deep elf high priests
  3 fire dragons
  6 great orbs of eyes
  12 yaktaur captains
  A ghost crab (Swamp:2)
  14 hydras
  2 spriggan air magi
  10 ice dragons
  A rakshasa (Depths:4)
  29 two-headed ogres
  3 catoblepae
  3 centaur warriors
  3 alligators
  5 deep troll earth magi
  A titan zombie (Crypt:3)
  2 tengu warriors
  14 dancing weapons
  9 ogre magi
  5 death knights
  5 deep troll shamans
  3 spriggan berserkers
  Urug (D:11)
  7 vampire magi
  An orc high priest (Elf:2)
  A storm dragon zombie (Vaults:4)
  2 sun demons (Depths:4)
  12 deep elf knights
  2 soul eaters (Crypt:2)
  5 spriggans
  9 hell knights
  A titan skeleton (Depths:2)
  A sixfirhy (Depths:1)
  11 skeletal warriors
  17 deep trolls
  2 iron trolls
  7 flayed ghosts
  A spriggan druid (Swamp:3)
  A wizard (Vaults:3)
  4 swamp dragons
  17 deep elf archers
  17 phantasmal warriors
  13 ironbrand convokers
  An orange crystal statue (Vaults:1)
  5 glowing orange brains
  13 orc knights
  A golden dragon skeleton (Crypt:3)
  11 orb spiders
  3 harpies
  17 ugly things
  2 stone giant zombies
  5 necromancers
  2 cyclopes
  3 manticores
  38 deep elf magi
  16 wolf spiders
  18 moths of wrath
  6 orc sorcerers
  A moth of wrath (shapeshifter) (Vaults:5)
  9 elephants
  A rust devil (Depths:3)
  2 black mambas
  An ice statue (IceCv)
  3 smoke demons
  A centaur zombie (D:13)
  A black mamba (shapeshifter) (Depths:5)
  A spriggan zombie (Depths:2)
  3 gargoyles
  8 vault sentinels
  A catoblepas zombie (Crypt:2)
  A shock serpent skeleton (Crypt:2)
  2 torpor snails
  A torpor snail (shapeshifter) (Depths:2)
  A kobold demonologist (D:14)
  6 spiny frogs
  4 komodo dragons
  33 yaktaurs
  An efreet (D:13)
  A rime drake (Lair:6)
  A tormentor (Depths:3)
  7 freezing wraiths
  6 red devils
  6 demonic crawlers
  4 ice devils
  10 tengu conjurers
  16 hornets
  2 polar bears
  A merfolk (shapeshifter) (Depths:2)
  7 trolls
  A hydra skeleton (Crypt:3)
  28 jumping spiders
  An ice dragon zombie (Crypt:3)
  2 ettin zombies
  A dream sheep (shapeshifter) (Vaults:2)
  2 bog bodies
  21 slime creatures
  8 dream sheep
  6 blink frogs
  6 hippogriffs
  A minotaur skeleton (Crypt:1)
  A raiju (shapeshifter) (D:14)
  A spriggan skeleton (Depths:2)
  65 redbacks
  5 vampires (Crypt:3)
  A ynoxinul (Depths:3)
  7 shadows
  7 air elementals
  An ettin skeleton (Vaults:4)
  28 tarantellas
  3 wyverns
  8 wraiths
  A tyrant leech zombie (Crypt:1)
  11 yaks
  2 fire dragon skeletons (Crypt:2)
  11 water elementals
  4 fire elementals
  3 hogs (D:7)
  2 hungry ghosts (Crypt:3)
  3 fire bats (Depths:3)
  3 basilisks
  Menkaure (D:6)
  3 wargs
  5 vampire mosquitoes
  7 insubstantial wisps
  8 water moccasins
  9 swamp worms
  2 acid dragons
  A floating eye (Depths:2)
  A merfolk skeleton (Crypt:2)
  4 porcupines
  6 swamp drakes
  36 orc warriors
  6 ice beasts
  A spiny frog skeleton (Crypt:1)
  3 eyes of draining
  A hornet zombie (D:14)
  An elf zombie (Vaults:4)
  A black bear (Lair:4)
  2 necrophages
  A phantom (D:13)
  A manticore skeleton (Crypt:2)
  25 ogres
  A blink frog skeleton (Crypt:2)
  3 boggarts
  11 centaurs
  A torpor snail zombie (Crypt:1)
  2 big kobolds
  4 crocodiles
  A fire crab zombie (Crypt:1)
  6 bullfrogs
  5 earth elementals
  2 gnoll sergeants
  A wyvern zombie (D:7)
  A polar bear zombie (Crypt:1)
  A scorpion (D:8)
  8 killer bees
  2 howler monkeys
  2 electric eels
  7 wights
  A bullfrog zombie (D:10)
  2 crimson imps
  13 orc priests
  4 jellies
  3 bullfrog skeletons
  3 centaur skeletons
  A hound (D:4)
  13 orc wizards
  2 iguanas (D:13)
  5 worker ants
  A tengu zombie (Crypt:2)
  5 gnolls
  2 adders
  2 shadow imps
  A white imp (IceCv)
  An ufetubus (IceCv)
  2 worms
  37 orcs
  3 giant cockroaches
  2 hobgoblins (D:1)
  2 jackals
  A bat (D:1)
  2 frilled lizards
  A gnoll skeleton (Crypt:2)
  4 kobolds
  An orc skeleton (Crypt:2)
  A quokka zombie (D:3)
  A rat (D:1)
  3 briar patches
  19 fungi
  27 plants
  17 withered plants (Crypt:3)
1492 creatures vanquished.

Vanquished Creatures (others)
  4 profane servitors
  5 bone dragons
  A vault warden (Vaults:1)
  2 draconian scorchers
  A draconian stormcaller (Zot:5)
  12 ghouls
  12 vampire knights
  A red draconian (Zot:3)
  A very ugly thing zombie (Depths:5)
  A yaktaur captain (Depths:5)
  A two-headed ogre (Vaults:4)
  A spriggan berserker (Depths:3)
  2 deep elf knights
  15 skeletal warriors
  A wizard (Vaults:3)
  9 flayed ghosts
  14 phantasmal warriors
  2 deep elf archers (Elf:1)
  4 draconian zombies
  4 fire giant zombies
  A black draconian zombie (Zot:4)
  3 red draconian zombies
  2 purple draconian zombies
  2 spriggan zombies
  A redback zombie (Spider:4)
  A white draconian zombie (Zot:5)
  An iron troll zombie (Depths:3)
  2 yaktaurs (Depths:3)
  2 ghoul skeletons (Zot:5)
  A spectral elf (Elf:2)
  A polar bear (D:13)
  A merfolk zombie (Depths:5)
  2 moth of wrath zombies (Zot:3)
  2 ice dragon zombies
  2 ettin zombies
  A tarantella (Spider:3)
  12 flying skulls
  3 wraiths
  14 vampires
  5 tengu zombies
  4 two-headed ogre zombies
  A spiny frog zombie (Lair:3)
  6 deep troll zombies
  2 orc warriors
  An elephant zombie (Lair:3)
  2 blink frog zombies
  A hornet zombie (Depths:4)
  A boggart (Vaults:3)
  14 elf zombies
  14 human zombies
  A centaur (D:15)
  10 yaktaur zombies
  A yak zombie (Lair:2)
  A wight (Lair:4)
  A basilisk zombie (D:10)
  A bullfrog zombie (Lair:2)
  A porcupine zombie (Lair:2)
  2 ogre zombies
  A sky beast zombie (D:10)
  A hound zombie (D:8)
  2 mummies
  2 scorpion zombies
  2 white imps (IceCv)
  3 ufetubi (IceCv)
  An iguana zombie (D:10)
  A dart slug zombie (D:3)
  A giant cockroach zombie (D:7)
  A hobgoblin zombie (D:3)
  3 jackal zombies (D:7)
  5 kobold zombies (D:7)
  27 orc zombies
  A quokka zombie (D:10)
  2 briar patches
  A fungus (Spider:2)
  7 plants
  8 starspawn tentacles
  9 withered plants (Crypt:3)
294 creatures vanquished.

Grand Total: 2991 creatures vanquished

Notes
Turn   | Place    | Note
-------+----------+-------------------------------------------
     0 | D:1      | nubinia the Demonspawn Necromancer began the quest for the Orb.
     0 | D:1      | Reached XP level 1. HP: 13/13 MP: 3/3
     2 | D:1      | Learned a level 1 spell: Animate Skeleton
   379 | D:1      | Gained mutation: You have a pair of small antennae on your head. [demonic ancestry]
   379 | D:1      | Reached XP level 2. HP: 13/19 MP: 1/5
   841 | D:1      | Reached XP level 3. HP: 16/24 MP: 1/6
  1149 | D:1      | Reached skill level 1 in Slings
  1426 | D:2      | Reached skill level 5 in Necromancy
  1700 | D:2      | Learned a level 3 spell: Vampiric Draining
  1919 | D:2      | Gained mutation: A weak demonic guardian rushes to your aid. [demonic ancestry]
  1919 | D:2      | Reached XP level 4. HP: 29/31 MP: 4/8
  2038 | D:2      | Found a sparkling altar of Nemelex Xobeh.
  2071 | D:2      | Found a shadowy altar of Dithmenos.
  2072 | D:2      | Found a hazy altar of Hepliaklqana.
  2199 | D:2      | Found a faded altar of an unknown god.
  2270 | D:2      | Became a worshipper of Yredelemnul the Dark
  2270 | D:2      | Reached * piety under Yredelemnul
  2339 | D:3      | Found a bloodstained altar of Trog.
  2555 | D:3      | Gained mutation: Your spells are a little harder to cast, but a little more powerful. [potion of mutation]
  2555 | D:3      | Gained mutation: You are surrounded by a mild repulsion field. (EV +2) [potion of mutation]
  2555 | D:3      | Gained mutation: Your natural rate of healing is unusually fast. [potion of mutation]
  2555 | D:3      | Gained mutation: You have sharp toenails. [potion of mutation]
  3317 | D:4      | Gained mutation: You have a pair of antennae on your head. [demonic ancestry]
  3317 | D:4      | Reached XP level 5. HP: 36/36 MP: 3/9
  3387 | D:4      | Reached ** piety under Yredelemnul
  3387 | D:4      | Reached skill level 1 in Fighting
  3535 | D:4      | Found a hide-covered altar of Uskayaw.
  3897 | D:5      | Entered Level 5 of the Dungeon
  4179 | D:5      | Noticed an ogre
  4183 | D:5      | Killed an ogre
  4183 | D:5      | Reached XP level 6. HP: 43/43 MP: 9/11
  4359 | D:5      | Reached skill level 1 in Invocations
  4368 | D:5      | Reached skill level 1 in Polearms
  4390 | D:5      | Reached skill level 6 in Necromancy
  4401 | D:5      | Found a shimmering altar of Xom.
  4468 | D:5      | Mutation became permanent: You are surrounded by a mild repulsion field. (EV +2) [demonic ancestry]
  4468 | D:5      | Gained mutation: You are surrounded by a mild repulsion field. (EV +2) [demonic ancestry]
  4468 | D:5      | Reached XP level 7. HP: 48/48 MP: 12/12
  4557 | D:5      | Reached skill level 1 in Axes
  4890 | D:6      | Reached skill level 1 in Shields
  5067 | D:6      | Found a staircase to the Ecumenical Temple.
  5120 | D:6      | Reached XP level 8. HP: 52/56 MP: 14/14
  5166 | D:6      | Found a glowing silver altar of Zin.
  5167 | D:6      | Found a burning altar of Makhleb.
  5168 | D:6      | Noticed an angel
  5170 | D:6      | Noticed an Executioner
  5514 | D:6      | Noticed Eustachio
  5521 | D:6      | Reached skill level 5 in Spellcasting
  5549 | D:6      | Killed Eustachio
  5582 | D:6      | Reached *** piety under Yredelemnul
  5616 | D:6      | Noticed Menkaure
  5636 | D:6      | Killed Menkaure
  6093 | D:7      | Reached skill level 7 in Necromancy
  6093 | D:7      | Gained mutation: You are surrounded by a moderate repulsion field. (EV +3) [demonic ancestry]
  6093 | D:7      | Reached XP level 9. HP: 63/64 MP: 16/16
  6153 | D:7      | Found an ancient bone altar of Kikubaaqudgha.
  6231 | D:7      | Found a runed door.
  6235 | D:7      | Noticed Crazy Yiuf
  6241 | D:7      | Killed Crazy Yiuf
  6341 | D:7      | Received a gift from Yredelemnul (a mummy)
  6371 | D:7      | Noticed Dowan
  6372 | D:7      | Noticed Duvessa
  6396 | D:7      | Killed Duvessa
  6400 | D:7      | Killed Dowan
  6457 | D:7      | Found a glowing golden altar of the Shining One.
  6826 | D:7      | Reached skill level 5 in Axes
  6826 | D:7      | Reached skill level 5 in Slings
  6986 | D:8      | Found a bloodstained altar of Trog.
  7079 | D:8      | Reached XP level 10. HP: 70/71 MP: 13/18
  7397 | D:8      | Reached **** piety under Yredelemnul
  7532 | D:8      | Learned a level 4 spell: Control Undead
  7649 | D:9      | Received a gift from Yredelemnul (2 flying skulls)
  8139 | D:9      | You fall through a shaft for 2 floors!
  8208 | D:10     | Entered Level 10 of the Dungeon
  8208 | D:10     | Noticed a gargoyle
  8265 | D:10     | Found a staircase to the Orcish Mines.
  8486 | D:10     | Noticed a manticore
  8494 | D:10     | Killed a manticore
  8500 | D:10     | Reached skill level 8 in Necromancy
  8556 | D:10     | Reached ***** piety under Yredelemnul
  8604 | D:10     | Noticed an ogre mage
  8673 | D:10     | Learned a level 3 spell: Regeneration
  8773 | D:10     | Found a staircase to the Lair.
  8873 | D:10     | Reached skill level 5 in Fighting
  8948 | Lair:1   | Entered Level 1 of the Lair of Beasts
  9084 | Lair:1   | Noticed Nergalle
  9414 | Lair:2   | Gained mutation: You sometimes gain a little power by taking damage. [demonic ancestry]
  9414 | Lair:2   | Reached XP level 11. HP: 49/79 MP: 16/20
  9582 | Lair:2   | Reached skill level 5 in Stealth
  9618 | Lair:2   | Noticed an oklob plant
  9706 | Lair:2   | Noticed an eight-headed hydra
  9714 | Lair:2   | Killed an eight-headed hydra
  9715 | Lair:2   | Received a gift from Yredelemnul (a mummy)
  9780 | Lair:2   | Reached skill level 1 in Throwing
 10271 | Lair:3   | Noticed Harold
 10282 | Lair:3   | HP: 4/80 [Harold/bolt of fire (30)]
 10295 | Lair:3   | Killed Harold
 10341 | Lair:3   | Lost mutation: Your spells are a little harder to cast, but a little more powerful. [potion of mutation]
 10341 | Lair:3   | Lost mutation: You have sharp toenails. [potion of mutation]
 10341 | Lair:3   | Gained mutation: You tend to lose your temper in combat. [potion of mutation]
 10341 | Lair:3   | Gained mutation: Potions are less effective at restoring your health. [potion of mutation]
 10341 | Lair:3   | Gained mutation: You have large cloven feet. [potion of mutation]
 10342 | Lair:3   | Lost mutation: You tend to lose your temper in combat. [potion of mutation]
 10342 | Lair:3   | Lost mutation: Potions are less effective at restoring your health. [potion of mutation]
 10342 | Lair:3   | Lost mutation: You have large cloven feet. [potion of mutation]
 10342 | Lair:3   | Lost mutation: Your natural rate of healing is unusually fast. [potion of mutation]
 10342 | Lair:3   | Gained mutation: You are frail. (-10% HP) [potion of mutation]
 10342 | Lair:3   | Lost mutation: You are frail. (-10% HP) [potion of mutation]
 10371 | Lair:3   | Upgraded the game from 0.21-a0-110-g8e1637b to 0.21-a0-111-g52d2817
 10648 | Lair:3   | Reached skill level 9 in Necromancy
 10658 | Lair:3   | Reached skill level 5 in Invocations
 10732 | Lair:3   | Noticed an oklob plant
 10893 | Lair:3   | Reached skill level 5 in Dodging
 10900 | Lair:3   | Learned a level 4 spell: Animate Dead
 11008 | Lair:3   | Noticed Gastronok
 11298 | Lair:3   | Killed Gastronok
 11584 | Lair:4   | Reached XP level 12. HP: 88/88 MP: 23/23
 11603 | Lair:4   | Received a gift from Yredelemnul (a wight)
 11647 | Lair:4   | Identified a scroll of acquirement
 11747 | Lair:4   | Noticed Josephine
 11846 | Lair:4   | Found a hole to the Spider Nest.
 11858 | Lair:4   | Received a gift from Yredelemnul (a wraith)
 11864 | Lair:4   | Reached skill level 10 in Necromancy
 12742 | Lair:4   | Reached skill level 1 in Charms
 12856 | Lair:4   | Noticed a four-headed hydra
 12864 | Lair:4   | Killed a four-headed hydra
 12882 | Lair:4   | Received a gift from Yredelemnul (5 flying skulls)
 12921 | Lair:4   | Noticed a four-headed hydra
 12929 | Lair:4   | Killed a four-headed hydra
 13014 | Lair:4   | Killed Josephine
 13150 | Lair:4   | Found a staircase to the Swamp.
 13490 | Lair:5   | Received a gift from Yredelemnul (a wraith)
 13598 | Lair:5   | Reached skill level 1 in Evocations
 13713 | Lair:5   | Noticed a death yak
 13714 | Lair:5   | Noticed a death yak
 13738 | Lair:5   | Killed a death yak
 13746 | Lair:5   | Killed a death yak
 13841 | Lair:5   | Gained mutation: You sometimes gain power by taking damage. [demonic ancestry]
 13841 | Lair:5   | Reached XP level 13. HP: 49/95 MP: 21/25
 13975 | Lair:5   | Reached skill level 11 in Necromancy
 14225 | Lair:6   | Entered Level 6 of the Lair of Beasts
 14274 | Lair:6   | Received a gift from Yredelemnul (5 flying skulls)
 14278 | Lair:6   | Found a staircase to the Slime Pits.
 14828 | Lair:6   | Received a gift from Yredelemnul (a vampire)
 14886 | Lair:6   | Identified the cursed +1 leather armour of Unoxtem {Dex+3 Stlth+} (You found it on level 6 of the Lair of Beasts)
 15490 | Orc:1    | Entered Level 1 of the Orcish Mines
 15547 | Orc:1    | Found Medum's Assorted Antiques.
 15581 | Orc:1    | Reached ****** piety under Yredelemnul
 16007 | Orc:1    | Upgraded the game from 0.21-a0-111-g52d2817 to 0.21-a0-113-g6841d05
 16014 | Orc:2    | Entered Level 2 of the Orcish Mines
 16024 | Orc:2    | Received a gift from Yredelemnul (a vampire)
 16034 | Orc:2    | Found a staircase to the Elven Halls.
 16073 | Orc:2    | Found Ezxij's General Store.
 16258 | Orc:2    | Found a roughly hewn altar of Beogh.
 16312 | Orc:2    | Found a roughly hewn altar of Beogh.
 16329 | Orc:2    | Reached skill level 5 in Shields
 16330 | Orc:2    | Found Wigimp's Armour Shoppe.
 16434 | Orc:2    | Found a roughly hewn altar of Beogh.
 16556 | Orc:2    | Found a roughly hewn altar of Beogh.
 16564 | Orc:2    | Received a gift from Yredelemnul (a phantasmal warrior)
 16625 | Orc:2    | Found a roughly hewn altar of Beogh.
 16640 | Orc:2    | Found Qeicer's Antique Weapon Shoppe.
 16661 | Orc:2    | Bought a glowing hunting sling for 148 gold pieces
 16789 | Orc:2    | Found a roughly hewn altar of Beogh.
 16846 | Orc:2    | Noticed Saint Roka
 16847 | Orc:2    | Received a gift from Yredelemnul (a skeletal warrior)
 16853 | Orc:2    | Reached skill level 10 in Axes
 17130 | Orc:2    | Found Ceddyodgh's Antique Armour Shop.
 17130 | Orc:2    | Found a roughly hewn altar of Beogh.
 17136 | Orc:2    | Found Xajygg's Antique Weapon Boutique.
 17141 | Orc:2    | Bought a shiny buckler for 225 gold pieces
 17516 | Orc:2    | Found a roughly hewn altar of Beogh.
 17606 | Orc:2    | Received a gift from Yredelemnul (a wraith)
 17665 | Orc:2    | Killed Saint Roka
 17665 | Orc:2    | Reached skill level 1 in Armour
 17665 | Orc:2    | Reached skill level 10 in Spellcasting
 17665 | Orc:2    | Gained mutation: You are surrounded by a strong repulsion field. (EV +4, RMsl) [demonic ancestry]
 17665 | Orc:2    | Reached XP level 14. HP: 55/103 MP: 9/28
 17712 | Orc:2    | Reached skill level 12 in Necromancy
 17896 | Swamp:1  | Entered Level 1 of the Swamp
 18085 | Swamp:1  | Received a gift from Yredelemnul (a flayed ghost)
 18166 | Swamp:1  | Got a wavering lead ring
 18168 | Swamp:1  | Identified the ring "Moem" {rF- rC++ rN+ Int+3} (You found it on level 1 of the Swamp)
 18242 | Swamp:1  | Received a gift from Yredelemnul (a skeletal warrior)
 18587 | Swamp:2  | Noticed a thorn hunter
 18598 | Swamp:2  | Received a gift from Yredelemnul (a vampire)
 18608 | Swamp:2  | Killed a thorn hunter
 18785 | Swamp:2  | Got a scorched silver ring
 18787 | Swamp:2  | Identified the ring of Springtime {*Tele MR+} (You found it on level 2 of the Swamp)
 19436 | Swamp:3  | Noticed Nikola
 19441 | Swamp:3  | Noticed a thorn hunter
 19625 | Swamp:3  | Received a gift from Yredelemnul (a vampire knight)
 19779 | Swamp:3  | Killed Nikola
 20091 | Swamp:3  | Killed a thorn hunter
 20289 | Swamp:4  | Entered Level 4 of the Swamp
 20360 | Swamp:4  | Noticed Bai Suzhen
 20421 | Swamp:4  | Received a gift from Yredelemnul (a bone dragon)
 20428 | Swamp:4  | Killed Bai Suzhen
 20562 | Swamp:4  | Noticed the 27-headed Lernaean hydra
 20565 | Swamp:4  | Noticed Mara
 20567 | Swamp:4  | Noticed nubinia's illusion
 20570 | Swamp:4  | Killed the 27-headed Lernaean hydra
 20570 | Swamp:4  | Gained mutation: You have a pair of large antennae on your head. (SInv) [demonic ancestry]
 20570 | Swamp:4  | Reached XP level 15. HP: 112/112 MP: 24/29
 20841 | Swamp:4  | Received a gift from Yredelemnul (a vampire)
 21462 | Swamp:4  | Noticed nubinia's illusion
 21593 | Swamp:4  | Noticed nubinia's illusion
 22106 | Swamp:4  | Noticed Aizul
 22146 | Swamp:4  | Got a decaying rune of Zot
 22254 | Swamp:4  | Killed Aizul
 22541 | Swamp:4  | Noticed nubinia's illusion
 22712 | Spider:1 | Entered Level 1 of the Spider Nest
 22722 | Spider:1 | Reached skill level 5 in Armour
 23461 | Spider:1 | Received a gift from Yredelemnul (a profane servitor)
 24013 | Spider:1 | Received a gift from Yredelemnul (a vampire knight)
 24148 | Spider:1 | Upgraded the game from 0.21-a0-113-g6841d05 to 0.21-a0-122-g43b3ea6
 24392 | Spider:2 | Received a gift from Yredelemnul (a phantasmal warrior)
 24738 | Spider:2 | Received a gift from Yredelemnul (a phantasmal warrior)
 25139 | Spider:3 | Received a gift from Yredelemnul (a vampire knight)
 25152 | Spider:3 | Gained mutation: You are powered by pain. [demonic ancestry]
 25152 | Spider:3 | Reached XP level 16. HP: 111/121 MP: 18/30
 25253 | Spider:4 | Entered Level 4 of the Spider Nest
 25299 | Spider:4 | Noticed Roxanne
 25312 | Spider:4 | Killed Roxanne
 25386 | Spider:4 | Received a gift from Yredelemnul (a flayed ghost)
 25393 | Spider:4 | Identified the +2 ring mail of Kimekuypo {rElec rPois Dex+4 Slay-6} (You found it on level 4 of the Spider Nest)
 25715 | Spider:4 | Reached skill level 10 in Fighting
 25723 | Spider:4 | Received a gift from Yredelemnul (a profane servitor)
 25797 | Spider:4 | Received a gift from Yredelemnul (a vampire)
 25947 | Spider:4 | Got a gossamer rune of Zot
 26030 | Spider:4 | Received a gift from Yredelemnul (a phantasmal warrior)
 27482 | D:11     | Learned a level 5 spell: Dispel Undead
 27488 | D:11     | Learned a level 5 spell: Bolt of Draining
 27554 | D:11     | Learned a level 2 spell: Corpse Rot
 27560 | D:11     | Learned a level 5 spell: Agony
 27716 | D:11     | Received a gift from Yredelemnul (a skeletal warrior)
 27755 | D:11     | Noticed Urug
 27764 | D:11     | Killed Urug
 27975 | D:12     | Reached skill level 1 in Conjurations
 28501 | D:12     | Received a gift from Yredelemnul (a ghoul)
 28704 | D:13     | Found a frozen archway.
 28739 | IceCv    | Entered an ice cave
 28770 | IceCv    | Received a gift from Yredelemnul (a bone dragon)
 28897 | IceCv    | Received a gift from Yredelemnul (a flayed ghost)
 29361 | D:13     | Noticed Nessos
 29385 | D:13     | Killed Nessos
 29421 | D:13     | Received a gift from Yredelemnul (a ghoul)
 29996 | D:14     | Received a gift from Yredelemnul (a skeletal warrior)
 30157 | D:14     | Found a gate to the Vaults.
 30201 | D:14     | Gained mutation: Your body sometimes deteriorates upon taking damage. [potion of mutation]
 30201 | D:14     | Gained mutation: You have sharp toenails. [potion of mutation]
 30201 | D:14     | Gained mutation: You are agile. (Dex +2) [potion of mutation]
 30202 | D:14     | Lost mutation: Your body sometimes deteriorates upon taking damage. [potion of mutation]
 30202 | D:14     | Lost mutation: You have sharp toenails. [potion of mutation]
 30202 | D:14     | Lost mutation: You are agile. (Dex +2) [potion of mutation]
 30202 | D:14     | Gained mutation: You occasionally shout uncontrollably at your foes. [potion of mutation]
 30202 | D:14     | Gained mutation: You have large cloven feet. [potion of mutation]
 30202 | D:14     | Gained mutation: You have hoof-like feet. [potion of mutation]
 30207 | Vaults:1 | Entered Level 1 of the Vaults
 30603 | Vaults:1 | Found a portal to a secret trove of treasure.
 30745 | Vaults:1 | Gained mutation: Your flesh is heat resistant. (rF+) [demonic ancestry]
 30745 | Vaults:1 | Reached XP level 17. HP: 110/129 MP: 13/31
 30822 | Vaults:1 | Received a gift from Yredelemnul (a skeletal warrior)
 30903 | Vaults:1 | Received a gift from Yredelemnul (a ghoul)
 31844 | Vaults:2 | Received a gift from Yredelemnul (a flayed ghost)
 32384 | Vaults:2 | Reached skill level 5 in Conjurations
 32391 | Vaults:2 | Received a gift from Yredelemnul (a vampire)
 33207 | Vaults:3 | Received a gift from Yredelemnul (a skeletal warrior)
 33301 | Vaults:3 | Found a magical portal.
 33310 | WizLab   | Entered Lehudib's Moon Base
 33388 | WizLab   | Paralysed by a great orb of eyes for 5 turns
 33519 | Vaults:3 | Received a gift from Yredelemnul (a vampire knight)
 33678 | Vaults:3 | Received a gift from Yredelemnul (a skeletal warrior)
 33851 | Vaults:3 | Reached XP level 18. HP: 138/138 MP: 33/33
 34243 | Vaults:3 | Reached skill level 13 in Necromancy
 34307 | Vaults:3 | Found a staircase to the Crypt.
 34461 | Vaults:3 | Upgraded the game from 0.21-a0-122-g43b3ea6 to 0.21-a0-125-gb006224
 34471 | Crypt:1  | Entered Level 1 of the Crypt
 34518 | Crypt:1  | Received a gift from Yredelemnul (a vampire knight)
 34701 | Crypt:1  | Received a gift from Yredelemnul (a skeletal warrior)
 34778 | Crypt:1  | Reached skill level 10 in Stealth
 35231 | Crypt:2  | Received a gift from Yredelemnul (a vampire knight)
 36367 | Crypt:3  | Entered Level 3 of the Crypt
 36452 | Crypt:3  | Received a gift from Yredelemnul (a phantasmal warrior)
 36842 | Crypt:3  | Received a gift from Yredelemnul (a phantasmal warrior)
 36849 | Crypt:3  | Identified the +0 cloak "Niankot" {rF+ rC- Int+4} (You found it on level 3 of the Crypt)
 37156 | Crypt:3  | Received a gift from Yredelemnul (a vampire)
 37353 | Crypt:3  | Identified the cursed +3 bardiche "Tiklym Uvvir" {protect, Int+4} (You took it off an ancient champion on level 3 of the Crypt)
 37372 | Crypt:3  | Noticed a lich
 37375 | Crypt:3  | Killed a lich
 37495 | Crypt:3  | Found a staircase to the Tomb.
 37497 | Crypt:3  | Noticed a lich
 37502 | Crypt:3  | Killed a lich
 37502 | Crypt:3  | Reached skill level 14 in Necromancy
 37507 | Crypt:3  | Noticed a lich
 37511 | Crypt:3  | Killed a lich
 37511 | Crypt:3  | Gained mutation: You are immune to clouds of flame. [demonic ancestry]
 37511 | Crypt:3  | Reached XP level 19. HP: 130/145 MP: 7/35
 37529 | Crypt:3  | Got a fine battleaxe
 37535 | Crypt:3  | Identified the +9 battleaxe "Luib" {chop, rC- Str+6 Int+2} (You found it on level 3 of the Crypt)
 37600 | Crypt:3  | Learned a level 2 spell: Shroud of Golubria
 37735 | Crypt:3  | Received a gift from Yredelemnul (a skeletal warrior)
 38191 | Vaults:4 | Received a gift from Yredelemnul (a phantasmal warrior)
 38245 | Vaults:4 | Reached skill level 15 in Axes
 38305 | Vaults:4 | Received a gift from Yredelemnul (a skeletal warrior)
 38536 | Vaults:4 | Paralysed by an ogre mage for 6 turns
 38577 | Vaults:4 | Received a gift from Yredelemnul (a vampire)
 38681 | Vaults:4 | Received a gift from Yredelemnul (a phantasmal warrior)
 39010 | Vaults:4 | Found Duju Fojyss's Armour Shoppe.
 39018 | Vaults:4 | Reached skill level 15 in Necromancy
 39034 | Vaults:4 | Found Kiachon's General Store.
 39189 | Vaults:4 | Bought the +3 hunting sling of Discord {freeze, *Corrode rF+ rC+ rN+} for 559 gold pieces
 39736 | Elf:1    | Entered Level 1 of the Elven Halls
 40013 | Elf:1    | Received a gift from Yredelemnul (a ghoul)
 40119 | Elf:1    | Reached XP level 20. HP: 153/153 MP: 37/37
 40154 | Elf:1    | Gained mutation: You are weak. (Str -2) [a Zot trap]
 40555 | Elf:2    | Received a gift from Yredelemnul (a skeletal warrior)
 40590 | Elf:2    | Identified the +4 ring mail of Evolution {rElec rCorr Stlth-} (You found it on level 2 of the Elven Halls)
 40733 | Elf:2    | Found a huge runed gate.
 40733 | Elf:2    | Found a huge runed gate.
 40733 | Elf:2    | Found a huge runed gate.
 40733 | Elf:2    | Found a huge runed gate.
 40735 | Elf:2    | Found a huge runed gate.
 40809 | Elf:2    | Received a gift from Yredelemnul (a vampire knight)
 41173 | Elf:3    | Entered Level 3 of the Elven Halls
 41212 | Elf:2    | Received a gift from Yredelemnul (a vampire)
 41365 | Elf:3    | Found a flickering gateway to a bazaar.
 41387 | Bazaar   | Entered a bazaar
 41391 | Bazaar   | Found Ijeot's General Store.
 41409 | Bazaar   | Found Iroq's Magic Scroll Emporium.
 41426 | Bazaar   | Found Ruc Niob's Jewellery Boutique.
 41431 | Bazaar   | Bought the ring "Xoato" {rF+ Int+2 Slay+4 Stlth+} for 502 gold pieces
 41443 | Bazaar   | Found Ocemm's Antique Armour Shoppe.
 41448 | Bazaar   | Bought a twisted robe for 136 gold pieces
 41448 | Bazaar   | Identified the +2 robe "Genet" {Regen+ Str+4} (You bought it in a shop in a bazaar)
 41466 | Bazaar   | Bought a scroll of magic mapping for 49 gold pieces
 41496 | Bazaar   | Bought the ring "Aqu Ulaopt" {rF+ MP+9} for 306 gold pieces
 41917 | Elf:3    | Received a gift from Yredelemnul (a skeletal warrior)
 42179 | Elf:3    | Reached skill level 10 in Dodging
 42288 | Elf:3    | Received a gift from Yredelemnul (a vampire)
 42355 | Elf:3    | Got a steaming iron ring
 42356 | Elf:3    | Identified the cursed ring "Byan" {MP+9 Int-4 Dex+3 Slay+5} (You took it off a deep elf sorcerer on level 3 of the Elven Halls)
 42367 | Elf:3    | Got a translucent tin ring
 42368 | Elf:3    | Identified the ring "Xarex" {rPois rN+ MR- Int+4} (You took it off a deep elf mage on level 3 of the Elven Halls)
 42935 | Elf:3    | Identified the Collected Works on Aid
 42939 | Elf:3    | Learned a level 2 spell: Swiftness
 42939 | Elf:3    | Upgraded the game from 0.21-a0-125-gb006224 to 0.21-a0-128-gf2b353c
 43162 | D:15     | Entered Level 15 of the Dungeon
 43220 | D:15     | Received a gift from Yredelemnul (a ghoul)
 43379 | D:15     | Found a staircase to the Depths.
 43389 | D:15     | Reached skill level 10 in Shields
 43393 | D:15     | Reached skill level 10 in Invocations
 44246 | Depths:1 | Entered Level 1 of the Depths
 44284 | Depths:1 | Found a gateway to Hell.
 44305 | Depths:1 | Got a pair of twisted gloves
 44306 | Depths:1 | Identified the +2 pair of gloves "Xymp" {+Inv rElec Int+3} (You acquired it on level 1 of the Depths)
 44459 | Depths:1 | Received a gift from Yredelemnul (a vampire knight)
 44696 | Depths:1 | Found a one-way gate leading to the halls of Pandemonium.
 44958 | Depths:2 | Received a gift from Yredelemnul (a vampire)
 44992 | Depths:2 | Found a one-way gate to the infinite horrors of the Abyss.
 45171 | Depths:2 | Reached XP level 21. HP: 136/158 MP: 39/39
 45199 | Depths:2 | Received a gift from Yredelemnul (a phantasmal warrior)
 45257 | Depths:2 | Noticed a juggernaut
 45268 | Depths:2 | Reached skill level 16 in Necromancy
 45277 | Depths:2 | Identified the +4 falchion of the Unliving {vamp, -Tele Fragile rElec Int+6} (You took it off a tengu conjurer on level 2 of the Depths)
 45299 | Depths:2 | Killed a juggernaut
 45350 | Depths:2 | Got a bound glass ring
 45583 | Depths:2 | Received a gift from Yredelemnul (a skeletal warrior)
 45921 | Depths:2 | Found a gateway to a ziggurat.
 45929 | Depths:2 | Received a gift from Yredelemnul (a vampire knight)
 46046 | Depths:2 | Identified the ring "Zebbef" {rN+ Str+3} (You took it off a spriggan on level 2 of the Depths)
 46221 | Depths:2 | Upgraded the game from 0.21-a0-128-gf2b353c to 0.21-a0-132-g076efaf
 46275 | Depths:3 | Received a gift from Yredelemnul (a bone dragon)
 46372 | Depths:3 | Received a gift from Yredelemnul (a ghoul)
 46835 | Depths:3 | Noticed a juggernaut
 46871 | Depths:3 | Reached skill level 15 in Spellcasting
 46879 | Depths:3 | Received a gift from Yredelemnul (a bone dragon)
 47293 | D:15     | Received a gift from Yredelemnul (a profane servitor)
 47405 | D:11     | Learned a level 5 spell: Excruciating Wounds
 47405 | D:11     | Upgraded the game from 0.21-a0-132-g076efaf to 0.21-a0-133-gf55ed5b
 47982 | Depths:3 | Received a gift from Yredelemnul (a ghoul)
 47995 | Depths:3 | Paralysed by a sphinx for 4 turns
 48200 | Depths:3 | Got a twitching steel amulet
 48201 | Depths:3 | Identified the amulet "Wotium" {RegenMP rF++ Int-2 Dex+8 Stlth+} (You took it off a tengu conjurer on level 3 of the Depths)
 48243 | Depths:3 | Received a gift from Yredelemnul (a flayed ghost)
 48563 | Depths:3 | Reached XP level 22. HP: 145/169 MP: 30/41
 48583 | Depths:3 | Noticed a golden dragon
 48591 | Depths:3 | Killed a golden dragon
 48614 | Depths:3 | Reached skill level 17 in Necromancy
 48623 | Depths:3 | Noticed a golden dragon
 48633 | Depths:3 | Killed a juggernaut
 48634 | Depths:3 | Killed a golden dragon
 48692 | Depths:3 | Upgraded the game from 0.21-a0-133-gf55ed5b to 0.21-a0-135-g8dc100c
 48754 | Depths:4 | Received a gift from Yredelemnul (a phantasmal warrior)
 48930 | Depths:4 | Noticed Xtahua
 48931 | Depths:4 | Noticed a golden dragon
 48938 | Depths:4 | Killed a golden dragon
 48944 | Depths:4 | Killed Xtahua
 49089 | Depths:4 | Found a corrupted altar of Lugonu.
 49341 | Depths:4 | Received a gift from Yredelemnul (a vampire knight)
 49343 | Depths:4 | Identified the +1 leather armour of Marbles {rC- Regen+ Str+4} (You found it on level 4 of the Depths)
 49344 | Depths:4 | Upgraded the game from 0.21-a0-135-g8dc100c to 0.21-a0-137-g951aa02
 49387 | Depths:5 | Entered Level 5 of the Depths
 49406 | Depths:4 | Found a hide-covered altar of Uskayaw.
 49494 | Depths:4 | Paralysed by a hornet for 1 turns
 49732 | Depths:4 | Upgraded the game from 0.21-a0-137-g951aa02 to 0.21-a0-140-g479285b
 49799 | Depths:5 | Noticed a golden dragon
 49841 | Depths:5 | Received a gift from Yredelemnul (a flayed ghost)
 50301 | Depths:5 | Received a gift from Yredelemnul (a ghoul)
 50527 | Depths:5 | Found a runed door.
 50527 | Depths:5 | Found a runed door.
 50598 | Depths:5 | HP: 2/170 [green draconian stormcaller (54)]
 50657 | Depths:4 | Received a gift from Yredelemnul (a vampire knight)
 50759 | Depths:5 | Gained mutation: You can hurl damnation. [demonic ancestry]
 50759 | Depths:5 | Reached XP level 23. HP: 106/176 MP: 37/43
 50785 | Depths:5 | Reached skill level 18 in Necromancy
 50877 | Depths:5 | Received a gift from Yredelemnul (a skeletal warrior)
 50925 | Depths:5 | Found a runed door.
 50947 | Depths:5 | Found a runed door.
 50961 | Depths:5 | Found a runed door.
 50961 | Depths:5 | Found a runed door.
 51155 | Depths:5 | Found a gate to the Realm of Zot.
 51658 | Vaults:5 | Entered Level 5 of the Vaults
 51853 | Vaults:4 | Received a gift from Yredelemnul (a phantasmal warrior)
 52084 | Vaults:4 | Received a gift from Yredelemnul (a ghoul)
 52110 | Vaults:4 | Reached skill level 1 in Translocations
 52214 | Vaults:4 | Paralysed by an ogre mage for 4 turns
 52251 | Vaults:4 | Received a gift from Yredelemnul (a bone dragon)
 52401 | Vaults:5 | Received a gift from Yredelemnul (a phantasmal warrior)
 52482 | Vaults:5 | Received a gift from Yredelemnul (a profane servitor)
 52622 | Vaults:5 | Received a gift from Yredelemnul (a ghoul)
 52646 | Vaults:5 | Cast into level 2 of the Abyss (a deep elf demonologist)
 52798 | Abyss:2  | Identified the cursed +0 ring mail of the Morning {Str-3 Int+5} (You found it on level 2 of the Abyss)
 52894 | Vaults:5 | Escaped the Abyss
 52956 | Vaults:5 | Paralysed by a sphinx for 5 turns
 53008 | Vaults:5 | Identified Hial's Introduction to Casting
 53397 | Vaults:5 | Got a spiked buckler
 53398 | Vaults:5 | Identified the +2 buckler of Loss {+Fly rCorr Str-2 Stlth+} (You acquired it on level 5 of the Vaults)
 53486 | Vaults:5 | Got a silver rune of Zot
 53529 | Vaults:5 | Received a gift from Yredelemnul (a flayed ghost)
 53578 | Vaults:5 | Identified the cursed +0 dagger of Corporal Punishment {pierce, +Fly rC+} (You took it off a yaktaur on level 5 of the Vaults)
 53588 | Vaults:5 | Identified the ring of Abstinence {*Drain rPois rF+ MR+ Int+2} (You found it on level 5 of the Vaults)
 53635 | Vaults:5 | Got a clouded bronze amulet
 53636 | Vaults:5 | Identified the amulet "Xymab" {rElec Regen+ Str-2 Dex+6} (You found it on level 5 of the Vaults)
 53641 | Vaults:5 | Got a pitted tin ring
 53642 | Vaults:5 | Identified the ring "Bosm" {*Tele rPois rN+ Str+4 Int+4} (You found it on level 5 of the Vaults)
 54123 | Vaults:4 | Paralysed by a sphinx for 4 turns
 54466 | Depths:5 | Received a gift from Yredelemnul (a vampire knight)
 54519 | Zot:1    | Entered Level 1 of the Realm of Zot
 54675 | Zot:1    | Gained mutation: A demonic guardian rushes to your aid. [demonic ancestry]
 54675 | Zot:1    | Reached XP level 24. HP: 167/185 MP: 44/44
 54721 | Zot:1    | Received a gift from Yredelemnul (a flayed ghost)
 55031 | Zot:1    | HP: 9/185 [poison (poison gas)]
 55036 | Zot:1    | HP: 3/185 [poison (poison gas)]
 55041 | Zot:1    | HP: 2/185 [poison (poison gas)]
 55046 | Zot:1    | HP: 3/185 [poison (poison gas)]
 55051 | Zot:1    | HP: 6/185 [poison (poison gas)]
 55057 | Zot:1    | HP: 5/185 [poison (poison gas)]
 55345 | Zot:1    | Lost mutation: You occasionally shout uncontrollably at your foes. [potion of mutation]
 55345 | Zot:1    | Lost mutation: You are weak. (Str -2) [potion of mutation]
 55345 | Zot:1    | Gained mutation: You occasionally shout uncontrollably at your foes. [potion of mutation]
 55345 | Zot:1    | Gained mutation: You are resistant to hostile enchantments. (MR+) [potion of mutation]
 55555 | Zot:1    | Reached skill level 19 in Necromancy
 55556 | Zot:1    | Received a gift from Yredelemnul (a ghoul)
 56651 | Zot:3    | Noticed an orb of fire
 56860 | Zot:3    | Killed an orb of fire
 56861 | Zot:3    | Received a gift from Yredelemnul (a phantasmal warrior)
 56998 | Zot:3    | Reached skill level 10 in Conjurations
 57026 | Zot:3    | Received a gift from Yredelemnul (a flayed ghost)
 57649 | Zot:4    | Received a gift from Yredelemnul (a vampire)
 57776 | Zot:4    | Received a gift from Yredelemnul (a ghoul)
 57790 | Zot:4    | Reached XP level 25. HP: 130/192 MP: 37/45
 57796 | Zot:4    | Received a gift from Yredelemnul (a phantasmal warrior)
 57876 | Zot:4    | Received a gift from Yredelemnul (a vampire)
 58536 | Zot:5    | Entered Level 5 of the Realm of Zot
 58665 | Zot:5    | Identified a +0 pair of boots of running (You found it on level 5 of the Realm of Zot)
 58961 | Zot:5    | Noticed an orb of fire
 58967 | Zot:5    | Received a gift from Yredelemnul (a skeletal warrior)
 59382 | Zot:5    | Received a gift from Yredelemnul (a vampire)
 59382 | Zot:5    | Noticed an ancient lich
 59386 | Zot:5    | Killed an ancient lich
 59610 | Zot:5    | Noticed an orb of fire
 59838 | Zot:5    | Reached skill level 20 in Necromancy
 59886 | Zot:5    | Noticed an orb of fire
 59902 | Zot:5    | Slain by an Orb Guardian

Vault maps used:
D:1:      zelgadis_glass_arrival_small, st_stairs_6
D:2:      minitemple, chequers_ecumenical_altar_lobes, nemelex_dance_club_becter
D:3:      first_bread, trog_three_pillars_becter
D:4:      eat_drink_and_be_merry_uskayaw
D:5:      lemuel_doored_altar
D:6:      grunt_temple_overflow_order_and_chaos_2,
          minmay_temple_entry_large_hall, roderic_cross_of_infinity,
          hangedman_decor_growths, uniq_eustachio, uniq_menkaure
D:7:      kiku_gazebo_pond_becter, old_standard_altar, grunt_livestock,
          uniq_duvessa, uniq_crazy_yiuf_cottage
D:8:      trog_eyes_of_draining
D:10:     minmay_the_grid_plus_closed, lair_entry_dummy
D:11:     uniq_urug
D:13:     portal_ice_cave_entry_animals_and_master, st_stairs_10,
          hangedman_abyss_or_decor_stabs, fungi_pond_lemuel, uniq_nessos
D:14:     david_vaults_5, nooodl_food_tri
D:15:     grunt_enter_depths_magical_seal
Lair:1:   small_statue_intersection, grunt_megastairs_4, uniq_nergalle
Lair:2:   minivault_24, beast_lair_carwin_3
Lair:3:   serial_forest, infiniplex_forest_lined_corner,
          infiniplex_forest_clump_small, infiniplex_forest_straight_3,
          infiniplex_forest_straight_3, infiniplex_forest_clump_medium,
          infiniplex_forest_straight_2, uniq_gastronok, uniq_harold
Lair:4:   nicolae_swamp_entry_splash_gauntlet,
          nicolae_spider_entry_tight_spaces, serial_bayou_shore_b,
          uniq_josephine
Lair:5:   minivault_24, grunt_megastairs_3
Lair:6:   gammafunk_lair_ancient_temple, minmay_slime_entry_pillars
Swamp:1:  evilmike_swamp_ruin_rubble_1
Swamp:2:  serial_swamp_ruin, evilmike_swamp_ruin_house_1,
          hangedman_swamp_ruin_wall, evilmike_swamp_ruin_house_2, swamp_pool3,
          hangedman_swamp_cone
Swamp:3:  evilmike_swamp_ruin_house_5, uniq_nikola
Swamp:4:  swamp_old_school, uniq_aizul, uniq_bai_suzhen, uniq_mara
Spider:2: spiders_nest_spider_trap
Spider:4: spider_rune_water, uniq_roxanne
Orc:1:    serial_shops, nicolae_shop_trees
Orc:2:    grunt_orc_community_town_hall, grunt_orc_community_big_house_1,
          grunt_orc_community_big_house_2, grunt_orc_community_house_3,
          grunt_orc_community_house_2, grunt_orc_community_house_2,
          grunt_orc_community_house_2, grunt_orc_community_house_1,
          grunt_orc_community_house_3, serial_shops, shop, basic_altar
Elf:1:    eino_elf_arrival_shootout, minmay_elf_crystal_heptagon
Elf:3:    minmay_elf_hall_quartered_circle, serial_shops, bzr_entry_customers,
          grunt_ministairs_15
Vaults:1: nicolae_vaults_statue_guard, nicolae_vaults_alarming,
          vaults_room_fours, ontoclasm_vaults_tryst, vaults_mumra_lcd,
          grunt_vaults_funnel, enter_trove_6
Vaults:2: v_misc_10, vaults_standard_mumra_enter_the_diamond,
          vaults_room_corners, vaults_room_pools, ontoclasm_vaults_chip,
          vaults_dpeg_spiral, vaults_dpeg_encased_lava,
          grunt_vaults_hallway_short, nicolae_vaults_little_squares_2
Vaults:3: vaults_mumra_chevron_long, minmay_crypt_entry_simple_walls,
          nicolae_vaults_stairing_the_circle, v_misc_3, vaults_room_fancy_cross,
          v_rooms_1, v_alt_pattern_4, nicolae_vaults_little_squares_3,
          v_misc_30, vaults_room_pools, vaults_dpeg_cross,
          ontoclasm_vaults_decontamination, nicolae_vaults_specimen_jars,
          mu_enter_wizlab_6
Vaults:4: nicolae_vaults_three_branches, v_misc_17, vaults_room_boxed,
          v_misc_14, st_cells, v_misc_4, ontoclasm_vaults_eye,
          nicolae_vaults_circle_grid_a, vaults_room_mumra_shop_pool,
          ontoclasm_vaults_fault, hangedman_vaults_stitches,
          nicolae_vaults_network_star, vaults_dpeg_diagonal, serial_shops, shop
Vaults:5: serial_shops
Crypt:2:  grunt_megastairs_2
Crypt:3:  quadcrypt_mu
Depths:1: rand_demon_pan_entry_8, hell_entry, hangedman_decor_peaks_small,
          kennysheep_just_a_vault
Depths:2: grunt_runaround, abyss_entry, hell_entry
Depths:3: minmay_tile_spiral, rand_demon_pan_entry_4, minmay_strange_pillars,
          hell_entry
Depths:4: regret_index_uskayaw_diablada_macabre, lightli_too_deep,
          abyss_entry_flame_altar, minmay_strange_pillars, pan_entry,
          infiniplex_staircase_pool_1, uniq_xtahua
Depths:5: evilmike_zot_entry_castle, serial_bayou, serial_bayou_ford_a,
          serial_bayou_lake_a, serial_bayou_lagoon_a, hell_entry
Zot:2:    lemuel_elevator
Zot:5:    hangedman_zot_diagonal_lockstep, nrook_zot_tub
Abyss:2:  minivault_1
Bazaar:   bazaar_jpeg_circle_common
IceCv:    ice_cave_small_demon
WizLab:   wizlab_lehudib

Skill      XL: |  1  2  3  4  5  6  7  8  9 10 11 12 13 14 15 16 17 18 19 20 21 22 23 24 25 |
---------------+----------------------------------------------------------------------------+-----
Slings         | 1 2 4 5 6 7 8 9 |  9.4
Necromancy     | 5 6 7 8 9 10 11 12 14 15 16 17 18 19 20 | 20.1
Stealth        | 2 3 4 5 7 8 9 10 11 12 13 14 | 14.0
Spellcasting   | 3 4 5 6 7 8 10 11 12 13 14 15 16 17 18 | 18.7
Fighting       | 1 2 3 4 5 6 7 8 9 10 11 12 13 14 | 14.8
Dodging        | 2 3 4 5 6 7 8 9 10 11 12 | 12.5
Invocations    | 1 2 3 4 5 6 7 8 10 11 12 13 | 13.5
Polearms       | 1 |  1.0
Axes           | 2 3 5 7 8 9 10 11 12 13 14 15 16 17 | 17.1
Shields        | 1 2 3 4 5 6 7 8 9 10 11 12 | 12.6
Throwing       | 2 |  2.3
Charms         | 1 2 3 4 |  4.9
Evocations     | 1 2 3 |  3.7
Armour         | 1 4 5 6 |  6.3
Conjurations   | 3 6 7 8 9 10 | 10.5
Translocations | 1 |  1.1
Staves         | |  0.5

Action                   |  1- 3 |  4- 6 |  7- 9 | 10-12 | 13-15 | 16-18 | 19-21 | 22-24 | 25-27 || total
-------------------------+-------+-------+-------+-------+-------+-------+-------+-------+-------++-------
Melee: Unarmed           |     7 |       |       |       |       |       |       |       |       ||     7
       Trident           |       |    43 |       |       |       |       |       |       |       ||    43
       Kick              |       |    11 |    50 |    73 |       |       |       |       |       ||   134
       War axe           |       |    22 |   179 |   389 |   934 |  1026 |   749 |   682 |   186 ||  4167
       Staff             |       |       |       |       |     5 |       |       |       |       ||     5
       Battleaxe         |       |       |       |       |       |       |    95 |       |       ||    95
 Fire: Hunting sling     |    57 |    77 |    92 |   129 |   218 |   102 |    46 |       |       ||   721
       Blowgun           |       |       |     3 |    17 |       |       |       |       |       ||    20
Throw: Stone             |       |       |       |     4 |       |       |       |       |       ||     4
 Cast: Pain              |    56 |    47 |    20 |    24 |    16 |    10 |     2 |       |       ||   175
       Animate Skeleton  |    29 |    11 |     8 |    23 |    23 |    27 |    47 |    27 |     4 ||   199
       Vampiric Draining |       |     1 |    20 |    79 |   120 |    33 |    45 |    71 |    35 ||   404
       Regeneration      |       |       |       |    12 |    17 |     9 |    17 |    36 |     2 ||    93
       Control Undead    |       |       |       |     2 |    11 |    22 |    15 |     7 |     2 ||    59
       Animate Dead      |       |       |       |    18 |   101 |    71 |    36 |    34 |    10 ||   270
       Dispel Undead     |       |       |       |       |       |    58 |    30 |    24 |     9 ||   121
       Bolt of Draining  |       |       |       |       |       |     9 |   151 |   245 |    28 ||   433
       Shroud of Golubri |       |       |       |       |       |       |     3 |    15 |       ||    18
       Excruciating Woun |       |       |       |       |       |       |     4 |     8 |       ||    12
Invok: Animate Remains   |       |     4 |     6 |       |       |       |       |       |       ||    10
       Animate Dead      |       |       |    11 |    24 |       |    21 |    48 |    67 |     4 ||   175
       Recall Undead Sla |       |       |       |       |     3 |    16 |    25 |    23 |     5 ||    72
       Injury Mirror     |       |       |       |       |     5 |       |       |       |       ||     5
       Enslave Soul      |       |       |       |       |       |       |     1 |       |       ||     1
 Abil: Stop Flying       |       |       |       |       |       |     1 |     2 |     2 |       ||     5
       Evoke Flight      |       |       |       |       |       |     1 |     2 |     1 |       ||     4
Evoke: Wand              |       |       |     5 |     7 |    16 |     6 |     5 |    24 |       ||    63
       Phial of floods   |       |       |       |       |     2 |     2 |       |     3 |       ||     7
       Lamp of fire      |       |       |       |       |       |       |     1 |     5 |       ||     6
       Phantom mirror    |       |       |       |       |       |       |       |     1 |       ||     1
       Lightning rod     |       |       |       |       |       |       |       |     7 |       ||     7
  Use: Scroll            |     2 |     5 |     2 |    18 |    25 |    23 |    20 |    20 |       ||   115
       Potion            |       |     1 |     1 |    13 |    11 |     5 |     5 |     8 |       ||    44
 Stab: Sleeping          |       |     3 |     7 |    18 |    23 |    70 |    29 |    15 |     6 ||   171
       Distracted        |       |       |     1 |    13 |    32 |    44 |    26 |    49 |    16 ||   181
       Invisible         |       |       |       |       |    13 |       |       |       |       ||    13
       Paralysed         |       |       |       |       |       |     4 |     2 |       |       ||     6
       Petrified         |       |       |       |       |       |       |       |     4 |       ||     4
  Eat: Chunk             |     4 |     9 |    15 |    28 |    37 |    45 |    81 |    55 |     5 ||   279
       Fruit             |       |     1 |       |       |       |     7 |       |       |       ||     8
       Royal jelly       |       |       |     1 |     4 |     2 |     7 |     4 |     1 |     2 ||    21
       Bread ration      |       |       |       |       |     1 |       |     1 |       |       ||     2
       Meat ration       |       |       |       |       |       |     1 |       |     1 |       ||     2
Armor: Robe              |     6 |    15 |    52 |    75 |    24 |       |    60 |   139 |    22 ||   393
       Plate armour      |       |    14 |       |       |       |       |       |       |       ||    14
       Leather armour    |       |       |       |       |    41 |    53 |     7 |       |       ||   101
       Swamp dragon scal |       |       |       |       |   370 |    68 |       |       |       ||   438
       Skin              |       |       |       |       |     5 |       |       |       |       ||     5
       Troll leather arm |       |       |       |       |       |     5 |       |       |       ||     5
Dodge: Dodged            |    19 |    49 |   107 |   381 |   861 |   642 |   500 |   743 |   123 ||  3425
       Deflected         |       |       |       |       |    13 |    15 |    28 |    28 |     3 ||    87
Block: Buckler           |       |    12 |    39 |   139 |    40 |       |    11 |   156 |       ||   397
       Shield            |       |       |       |       |   592 |   472 |   484 |   210 |   126 ||  1884
       Other             |       |       |       |       |       |       |    18 |       |       ||    18
       Reflection        |       |       |       |       |       |       |    45 |     1 |     2 ||    48
